cohdb
Replays
Latest Replays
All Replays
Popular Replays
Top Player Replays
Match Explorer
How It Works
Community
CoH3 Stats
Reddit
Sign in to upload your games and track your stats! →
Sign in with Steam
Match 44156010
Unlisted
Match 44156010
Overview
Messages
Build Orders
End
Construct Infanterie Kompanie
Construct Infanterie Kompanie
Selects Breakthrough Battlegroup
MG 42 Machine Gun Team
Grenadier Squad
GrW 34 Mortar Team
Construct Panzergrenadier Kompanie
251 Medium Carrier
Panzergrenadier Squad
Selects Assault Grenadiers
Pak 40 Anti-tank Gun Team
Support Elements
Nebelwerfer 42 Rocket Launcher Team
Selects 2.5-tonne Cargo Truck
Selects Rapid Production
Selects Blitzkrieg
StuG III G Assault Gun
Panzergrenadier Officer Quarters
Panzergrenadier Squad
LOPO
Colbear
Oncle-Hô
Sput Fackle
msfayzer
Syrasor
0
0
Comments
sign in to comment!
No comments posted yet!